 Dungeon Crawl Stone Soup version 0.29.0-13-gc9e81de378 (webtiles) character file.

Game seed: 3191900865945724697

69511 SnakkuSnakku7 the Bludgeoner (level 15, -1/92 HPs)
             Began as a Tengu Abyssal Knight on Sept 10, 2022.
             Was the Champion of Lugonu.
             Slain by a spriggan defender simulacrum (10 damage)
             ... in an ice cave.
             The game lasted 00:37:27 (25848 turns).

SnakkuSnakku7 the Bludgeoner (TeAK)                Turns: 25848, Time: 00:37:27

Health: -1/92      AC: 26    Str: 29 (30) XL:     15   Next: 30%
Magic:  25/25      EV: 15    Int:  9 (10) God:    Lugonu [******]
Gold:   217        SH:  0    Dex: 13 (14) Spells: 14/14 levels left

rFire   + + .      SeeInvis .   a - +5 lochaber axe {reach-cleave, poleaxe}
rCold   . . .      Faith    .   (shield currently unavailable)
rNeg    . . .      Spirit   .   E - +3 chain mail {rF+}
rPois   +          Reflect  .   (helmet restricted)
rElec   .          Harm     .   j - +2 cloak {rPois}
rCorr   .          Rampage  .   b - +3 pair of gauntlets of War {Slay+5}
Will    +....                   (boots unavailable)
Stlth   ..........              (no amulet)
HPRegen 0.25/turn               M - +6 ring of strength
MPRegen 0.19/turn               l - +4 ring of protection

@: flying quickly and evasively, quick
A: beak, talons 3, nimble flight, deterioration 1, fire resistance 1, high MP 1,
strong 1
a: Renounce Religion, Depart the Abyss, Bend Space, Banish, Corrupt, Enter the
Abyss, Brand Weapon With Distortion


You were in an ice cave.
You worshipped Lugonu.
Lugonu was exalted by your worship.
You visited 3 branches of the dungeon, and saw 21 of its levels.
You visited the Abyss 1 time.
You also visited: Sewer, Ossuary, Bailey and Ice Cave.

You collected 2614 gold pieces.
You spent 2397 gold pieces at shops.

Inventory:

Hand Weapons
 a - the +5 lochaber axe (weapon) {reach-cleave, poleaxe}
   (You bought it in a shop on level 10 of the Dungeon)

   It can be evoked to extend its reach, and strikes at all foes within reach,
   dealing less damage to those not targeted.
   It uses either Axes or Polearms skill, whichever is higher.
 H - a +3 morningstar of protection
 K - the +8 whip "Snakebite" {venom, curare, rPois}
   (You found it on level 1 of the Lair of Beasts)

   It poisons the flesh of those it strikes.
   It occasionally inflicts asphyxiating poison on those it strikes, dealing
   poison damage and causing slowness.
   rPois:     It protects you from poison.
Missiles
 A - 67 poisoned darts (quivered)
 G - 4 throwing nets
Armour
 b - the +3 pair of gauntlets of War (worn) {Slay+5}
   (You bought it in a shop on level 2 of the Orcish Mines)

   Slay:      It affects your accuracy & damage with ranged weapons and melee
   (+5).
 j - a +2 cloak of poison resistance (worn)
 E - a +3 chain mail of fire resistance (worn)
Jewellery
 d - a ring of see invisible
 l - a +4 ring of protection (right hand)
 s - a ring of poison resistance
 z - a ring of resist corrosion
 M - a +6 ring of strength (left hand)
Wands
 e - a wand of light (18)
 g - a wand of mindburst (37)
 p - a wand of digging (6)
 y - a wand of flame (22)
 C - a wand of roots (6)
Scrolls
 c - 10 scrolls of teleportation
 h - 6 scrolls of poison
 n - 2 scrolls of torment
 r - 2 scrolls of brand weapon
 t - a scroll of silence
 D - 3 scrolls of enchant armour
 F - 5 scrolls of butterflies
 J - 10 scrolls of identify
Potions
 f - 6 potions of might
 i - 3 potions of attraction
 k - 3 potions of berserk rage
 m - 6 potions of brilliance
 o - a potion of mutation
 q - 9 potions of curing
 u - 6 potions of cancellation
 w - 5 potions of haste
 x - 3 potions of ambrosia
 B - 2 potions of magic
 I - 3 potions of heal wounds
 L - a potion of resistance


   Skills:
 - Level 10.0 Fighting
 + Level 13.2(16.4) Axes
 - Level 16.0(17.8) Maces & Flails
 - Level 4.0 Throwing
 - Level 10.0 Armour
 - Level 10.0 Dodging
 - Level 10.0 Invocations


You had 14 spell levels left.
You didn't know any spells.
Your spell library contained the following spells:

 Spells                   Type           Power      Damage    Failure   Level
 Apportation              Tloc           0%         N/A       86%         1
 Necrotise                Necr           0%         1d4       86%         1
 Slow                     Hex            0%         N/A       86%         1
 Summon Small Mammal      Summ           0%         N/A       86%         1
 Poisonous Vapours        Pois/Air       0%         N/A       94%         2
 Confusing Touch          Hex            0%         N/A       99%         3
 Conjure Flame            Conj/Fire      0%         6-21      99%         3
 Frozen Ramparts          Ice            0%         1d1       99%         3
 Ignite Poison            Fire/Tmut/Pois 0%         N/A       99%         3
 Summon Guardian Golem    Hex/Summ       0%         N/A       99%         3
 Vampiric Draining        Necr           0%         2d6       99%         3
 Animate Armour           Summ/Erth      0%         N/A       100%        4
 Corpse Rot               Necr/Pois/Air  0%         N/A       100%        4
 Dispel Undead            Necr           0%         3d6       100%        4
 Ice Form                 Ice/Tmut       0%         N/A       100%        4
 Leda's Liquefaction      Hex/Erth       0%         N/A       100%        4
 Sticky Flame             Conj/Fire      0%         2d3       100%        4
 Summon Ice Beast         Ice/Summ       0%         N/A       100%        4
 Blade Hands              Tmut           0%         N/A       100%        5
 Death Channel            Necr           0%         N/A       100%        6
 Iron Shot                Conj/Erth      0%         9d1       100%        6
 Orb of Destruction       Conj           0%         9d5       100%        7
 Spellforged Servitor     Conj/Summ      0%         N/A       100%        7
 Lehudib's Crystal Spear  Conj/Erth      0%         10d2      100%        8


Dungeon Overview and Level Annotations

Branches:
Dungeon (14/15)            Temple (0/1) D:7            Lair (5/5) D:11
 Shoals (0/4) Lair:2        Snake (0/4) Lair:3        Slime (0/5) Lair:5
    Orc (2/2) D:10            Elf (0/3) Orc:2         Sewer (visited)
Ossuary (visited)          Bailey (visited)           IceCv (1/1)
 Vaults: D:13-14

Altars:
Ashenzari
Hepliaklqana
Kikubaaqudgha
Nemelex Xobeh
Qazlal
Trog
Wu Jian
Zin
Jiyva

Shops:
D:6 =   D:10 !**?   D:11 [   D:12 [   Orc:1 !   Orc:2 =!*([!!:(

Portals:
Trove: D:13 (give +2 shadow dragon scales)

Annotations:
D:11 1 runed translucent door, runemasterragnar's ghost, journeyman DrTm


Innate Abilities, Weirdness & Mutations

You have a beak for a mouth.
You have claws for feet.
Your magical nature lets you fly swiftly and evasively.
Your body sometimes deteriorates upon taking damage.
Your flesh is heat resistant. (rF+)
You have an increased reservoir of magic. (+10% MP)
Your muscles are strong. (Str +4, Int/Dex -1)


Message History

Aiming: Fastroot
Press: ? - help, Shift-Dir - straight line The roots erupt in riotous growth!
Roots grab the spriggan defender simulacrum.
The grasping roots constrict the spriggan defender simulacrum.
The spriggan defender simulacrum escapes!
Unknown command.
Unknown command.
Unknown command.
There is an ice covered gate leading back out of this place here.
Aiming: Fastroot
Press: ? - help, Shift-Dir - straight line, f - spriggan defender simulacrum
Aim: a spriggan defender simulacrum (severely damaged)
The roots erupt in riotous growth!
Roots grab the spriggan defender simulacrum.
The grasping roots constrict the spriggan defender simulacrum.
The spriggan defender simulacrum struggles to escape constriction.
The spriggan defender simulacrum escapes!
Unknown command.
Aiming: Throw Flame
Press: ? - help, Shift-Dir - straight line, f/p - spriggan defender simulacrum
Aim: a spriggan defender simulacrum (almost destroyed, 42% to hit)
The puff of flame hits the spriggan defender simulacrum.
The spriggan defender simulacrum melts!
The spriggan defender simulacrum is almost destroyed.
Unknown command.
Unknown command.
Aiming: Throw Flame
Press: ? - help, Shift-Dir - straight line, f/p - spriggan defender simulacrum
Aim: a spriggan defender simulacrum (almost destroyed, 42% to hit)
The puff of flame misses the spriggan defender simulacrum.
The spriggan defender simulacrum closely misses you.
Unknown command.
Unknown command.
You closely miss the spriggan defender simulacrum.
Your kick misses the spriggan defender simulacrum.
Your peck misses the spriggan defender simulacrum.
The spriggan defender simulacrum is almost destroyed.
The spriggan defender simulacrum hits you!
You die...

##...##
#...##
#...##
##...#
##...##
##.....##
#...∩...#
#...Z...#
##..@..##
##...##
#####


You could see a spriggan defender simulacrum.

Vanquished Creatures
  Harold (D:9)
  A boulder beetle (D:10)
  A hydra (Lair:5)
  Erica (D:10)
  5 catoblepae
  3 two-headed ogres
  A tengu warrior (D:13)
  7 death yaks (Lair:5)
  The ghost of gelatine the Covered, a novice DsFi (D:9)
  4 orc high priests (Orc:2)
  A soul eater (D:9)
  An orc knight (Orc:1)
  5 manticores
  4 deep elf pyromancers
  2 ugly things
  An orc sorcerer (Orc:2)
  22 elephants
  2 rust devils (D:8)
  8 black mambas
  A merfolk siren (Lair:2)
  11 cane toads
  A rime drake (Lair:4)
  An unseen horror (D:11)
  4 kobold demonologists (D:10)
  2 komodo dragons
  A freezing wraith (D:12)
  2 tengu conjurers (D:13)
  An anaconda simulacrum (IceCv)
  2 hellwings
  3 trolls
  A red devil (D:9)
  A merfolk (Lair:2)
  A polar bear (Lair:4)
  A hornet (D:7)
  7 slime creatures
  5 dream sheep (Lair:4)
  14 blink frogs
  2 ynoxinuls (D:9)
  2 wraiths
  4 wyverns
  3 shadows
  A water elemental (D:12)
  45 yaks
  Grum (D:8)
  3 basilisks
  A neqoxec (D:9)
  7 vampire mosquitoes (D:13)
  2 chaos spawn (D:9)
  A steam dragon (D:4)
  6 wargs
  22 water moccasins
  Duvessa (D:6)
  21 orc warriors
  2 ice beasts (D:6)
  3 black bears
  3 sky beasts
  11 wolves
  6 ogres
  5 centaurs
  2 phantoms
  9 kobold brigands
  14 bullfrogs
  A deep troll simulacrum (IceCv)
  3 scorpions
  A gnoll sergeant (D:6)
  19 wights
  Dowan (D:6)
  5 killer bees (D:9)
  5 electric eels
  5 quasits
  5 howler monkeys
  2 bullfrog zombies (Ossuary)
  5 centaur zombies (Ossuary)
  6 hounds
  23 orc priests
  A gnoll bouda (D:4)
  3 jellies
  Terence (D:2)
  5 iguanas
  23 orc wizards
  An ogre zombie (Ossuary)
  A mummy (D:7)
  13 adders
  15 gnolls
  3 river rats (Sewer)
  A white imp (D:7)
  An ufetubus (D:5)
  2 adder zombies (Ossuary)
  A worm (D:4)
  3 dart slugs
  63 orcs
  12 ball pythons
  9 endoplasms
  6 giant cockroaches
  3 gnoll zombies (Ossuary)
  8 goblins
  7 hobgoblins
  4 jackals (D:1)
  2 quokkas
  5 bats
  5 frilled lizards
  3 goblin zombies (Ossuary)
  4 hobgoblin zombies (Ossuary)
  39 kobolds
  2 orc zombies (Ossuary)
  20 rats
654 creatures vanquished.

Vanquished Creatures (others)
  A wizard (D:7)
  An orc wizard (D:12)
  13 demonic plants (D:9)
  10 fungi
  32 plants
57 creatures vanquished.

Grand Total: 711 creatures vanquished

Notes
Turn   | Place    | Note
-------+----------+-------------------------------------------
     0 | Abyss:1  | SnakkuSnakku7 the Tengu Abyssal Knight began the quest for
                  | the Orb.
     0 | Abyss:1  | Reached XP level 1. HP: 14/14 MP: 3/3
     1 | D:1      | Escaped the Abyss
   230 | D:1      | Reached skill level 3 in Maces & Flails
   230 | D:1      | Reached XP level 2. HP: 12/19 MP: 4/4
   338 | D:1      | Reached XP level 3. HP: 12/23 MP: 5/5
   386 | D:1      | Reached *** piety under Lugonu
   453 | D:1      | Reached skill level 4 in Maces & Flails
   615 | D:1      | Found a faded altar of an unknown god.
  1282 | D:2      | Reached XP level 4. HP: 28/28 MP: 6/6
  1291 | D:2      | Noticed Terence
  1302 | D:2      | Killed Terence
  1303 | D:2      | Reached skill level 5 in Maces & Flails
  1825 | D:3      | Gained mutation: Your magical nature lets you fly swiftly
                  | and evasively. [Tengu growth]
  1825 | D:3      | Reached XP level 5. HP: 23/32 MP: 7/7
  1837 | D:3      | Reached skill level 6 in Maces & Flails
  2786 | D:4      | Reached XP level 6. HP: 23/37 MP: 8/8
  2927 | D:4      | Reached skill level 7 in Maces & Flails
  2927 | D:4      | Reached skill level 1 in Throwing
  2990 | D:4      | Found a stormy altar of Qazlal.
  3037 | D:4      | Found a glowing drain.
  3071 | D:4      | Reached XP level 7. HP: 16/41 MP: 9/9
  3077 | D:4      | Noticed a steam dragon
  3292 | Sewer    | Entered a sewer
  3508 | Sewer    | Reached **** piety under Lugonu
  3667 | Sewer    | Reached skill level 8 in Maces & Flails
  3732 | D:4      | Killed a steam dragon
  4076 | D:4      | Reached XP level 8. HP: 39/46 MP: 10/10
  4372 | D:5      | Entered Level 5 of the Dungeon
  4479 | D:5      | Reached skill level 9 in Maces & Flails
  4560 | D:5      | Found a glowing silver altar of Zin.
  4701 | D:5      | Reached ***** piety under Lugonu
  5350 | D:6      | Reached skill level 10 in Maces & Flails
  5602 | D:6      | Found Foung's Jewellery Shoppe.
  5659 | D:6      | Noticed Duvessa
  5659 | D:6      | Noticed Dowan
  5697 | D:6      | Killed Duvessa
  5702 | D:6      | Killed Dowan
  5703 | D:6      | Reached skill level 11 in Maces & Flails
  6001 | D:6      | Reached XP level 9. HP: 35/50 MP: 11/11
  6112 | D:6      | Reached skill level 12 in Maces & Flails
  6535 | D:6      | Reached skill level 13 in Maces & Flails
  6774 | D:7      | Found a broken altar of Ashenzari.
  6861 | D:7      | Found a sparkling altar of Nemelex Xobeh.
  7095 | D:7      | Found a sand-covered staircase.
  7101 | Ossuary  | Entered an ossuary
  7324 | Ossuary  | Reached skill level 14 in Maces & Flails
  7378 | Ossuary  | Reached XP level 10. HP: 56/56 MP: 12/12
  7447 | D:7      | Found a bloodstained altar of Trog.
  7452 | D:7      | Noticed a wizard
  7459 | D:7      | Killed a wizard
  7486 | D:7      | Found a staircase to the Ecumenical Temple.
  7764 | D:7      | Found an ancient bone altar of Kikubaaqudgha.
  8044 | D:8      | Reached skill level 15 in Maces & Flails
  8302 | D:8      | Found a flagged portal.
  8318 | Bailey   | Entered a bailey
  8349 | Bailey   | Reached ****** piety under Lugonu
  8662 | Bailey   | Found a bloodstained altar of Trog.
  8805 | D:8      | Noticed Grum
  8816 | D:8      | Reached skill level 16 in Maces & Flails
  8844 | D:8      | Killed Grum
  9213 | D:9      | Noticed a rust devil
  9213 | D:9      | Noticed a sixfirhy
  9257 | D:9      | Noticed a soul eater
  9326 | D:9      | Killed a soul eater
  9583 | D:9      | Noticed a rust devil
  9663 | D:9      | Reached XP level 11. HP: 54/61 MP: 13/15
  9744 | D:9      | Noticed gelatine's ghost (novice DsFi)
  9745 | D:9      | Found a runed translucent door.
  9749 | D:9      | Noticed Harold
  9750 | D:9      | Noticed a sun demon
  9796 | D:8      | Reached skill level 5 in Invocations
 10326 | D:10     | Entered Level 10 of the Dungeon
 10841 | D:10     | Found Quupy's General Store.
 10849 | D:10     | Bought a potion of curing for 48 gold pieces
 10849 | D:10     | Bought a scroll of magic mapping for 120 gold pieces
 10880 | D:10     | Found Saskor's Distillery.
 10887 | D:10     | Bought a potion of berserk rage for 70 gold pieces
 10887 | D:10     | Bought a potion of berserk rage for 70 gold pieces
 10887 | D:10     | Bought a potion of haste for 140 gold pieces
 10887 | D:10     | Bought a potion of curing for 42 gold pieces
 10887 | D:10     | Bought 2 potions of curing for 84 gold pieces
 10923 | D:10     | Found Qurruhor's Assorted Antiques.
 10931 | D:10     | Bought a smoky orange potion for 24 gold pieces
 10931 | D:10     | Bought a scroll labelled VINUXA QUWKIPA for 27 gold pieces
 11119 | D:10     | Found a staircase to the Orcish Mines.
 11242 | D:10     | Found Rugeac's Magic Scroll Shoppe.
 11302 | D:10     | Noticed Erica
 11369 | D:10     | Killed Erica
 11596 | D:10     | Noticed a boulder beetle
 11611 | D:10     | Killed a boulder beetle
 11914 | D:10     | Noticed a sun demon
 12099 | D:9      | Gained mutation: Armour fits poorly on your strangely
                  | shaped body. [a neqoxec]
 12114 | D:9      | Lost mutation: Armour fits poorly on your strangely shaped
                  | body. [potion of mutation]
 12114 | D:9      | Gained mutation: You are weak. (Str -2) [potion of
                  | mutation]
 12114 | D:9      | Gained mutation: You are frail. (-10% HP) [potion of
                  | mutation]
 12115 | D:9      | Lost mutation: You are weak. (Str -2) [potion of mutation]
 12115 | D:9      | Lost mutation: You are frail. (-10% HP) [potion of
                  | mutation]
 12115 | D:9      | Gained mutation: Your muscles are strong. (Str +4, Int/Dex
                  | -1) [potion of mutation]
 12115 | D:9      | Gained mutation: You have hidden genetic potential. [potion
                  | of mutation]
 12115 | D:9      | Gained mutation: Your body sometimes deteriorates upon
                  | taking damage. [potion of mutation]
 12252 | D:9      | Banished a sixfirhy
 12394 | D:9      | Found a hazy altar of Hepliaklqana.
 12429 | D:9      | Banished a sun demon
 12430 | D:9      | Reached skill level 10 in Invocations
 12430 | D:9      | Reached XP level 12. HP: 30/65 MP: 11/20
 12431 | D:9      | Killed Harold
 12432 | D:9      | Reached skill level 5 in Fighting
 13161 | D:9      | Killed gelatine's ghost
 13361 | D:9      | Got the Exposition on the Ground
 13481 | D:11     | Found a staircase to the Lair.
 13932 | D:11     | Noticed a two-headed ogre
 13939 | D:11     | Killed a two-headed ogre
 13994 | D:11     | Found a runed translucent door.
 13997 | D:11     | Noticed runemasterragnar's ghost (journeyman DrTm)
 14454 | D:11     | Gained mutation: Your flesh is heat resistant. (rF+)
                  | [hidden potential]
 14609 | D:11     | Found Xaczo's Armour Shop.
 14754 | Lair:1   | Entered Level 1 of the Lair of Beasts
 14991 | Lair:1   | Identified the +6 spear of Evil {vorpal, rN+++ MP+9 Str-3
                  | Int-5}
 15118 | Lair:1   | Reached skill level 10 in Fighting
 15680 | Lair:1   | Reached skill level 5 in Armour
 15725 | Lair:1   | Reached XP level 13. HP: 70/82 MP: 21/21
 15906 | Lair:1   | Found the +8 whip "Snakebite" {venom, curare, rPois}
 16608 | Lair:2   | Gained mutation: You have an increased reservoir of magic.
                  | (+10% MP) [hidden potential]
 16608 | Lair:2   | Lost mutation: You have hidden genetic potential. [hidden
                  | potential expressed]
 16621 | Lair:2   | Reached skill level 10 in Armour
 17134 | Lair:2   | Found a staircase to the Shoals.
 17335 | Lair:2   | Reached skill level 5 in Dodging
 18246 | Lair:3   | Found a staircase to the Snake Pit.
 18896 | Lair:4   | Found an ornate altar of the Wu Jian Council.
 19227 | Lair:4   | Reached XP level 14. HP: 88/88 MP: 24/24
 19248 | Lair:5   | Entered Level 5 of the Lair of Beasts
 19760 | Lair:4   | Reached skill level 10 in Dodging
 19765 | Lair:4   | Reached skill level 1 in Axes
 20351 | Lair:5   | Reached skill level 5 in Axes
 20821 | Lair:5   | HP: 1/88 [manticore (9)]
 21191 | Lair:5   | Found a staircase to the Slime Pits.
 21192 | Lair:5   | Found a viscous altar of Jiyva.
 22602 | D:12     | Reached skill level 10 in Axes
 22703 | D:12     | Found Buulen's Armour Shoppe.
 23288 | Orc:1    | Entered Level 1 of the Orcish Mines
 23403 | D:10     | Bought the +5 lochaber axe {reach-cleave, poleaxe} for 1107
                  | gold pieces
 23403 | D:10     | Found the +5 lochaber axe {reach-cleave, poleaxe}
 23527 | Orc:1    | Found Winalocs's Distillery.
 23911 | Orc:2    | Entered Level 2 of the Orcish Mines
 23915 | Orc:2    | Found Zuyliz's Distillery.
 24007 | Orc:2    | Reached XP level 15. HP: 34/92 MP: 25/25
 24444 | Orc:2    | Found Fotwan's Weapon Shop.
 24470 | Orc:2    | Found a staircase to the Elven Halls.
 24594 | Orc:2    | Found Zaaretil's Distillery.
 24594 | Orc:2    | Found Ishaba Oxzu's Distillery.
 24595 | Orc:2    | Found Ymowigg's Armour Emporium.
 24598 | Orc:2    | Found Wuur's Antique Weapon Emporium.
 24800 | Orc:2    | Found Ziegut's Assorted Antiques.
 24830 | Orc:2    | Bought the +3 pair of gauntlets of War {Slay+5} for 665
                  | gold pieces
 24830 | Orc:2    | Found the +3 pair of gauntlets of War {Slay+5}
 24878 | Orc:2    | Found Ekhid's Book Shop.
 25035 | Orc:2    | Found Reom's Jewellery Shop.
 25608 | D:13     | Found a portal to a secret trove of treasure.
 25733 | D:13     | You are sucked into a shaft and drop 1 floor!
 25804 | D:14     | Found a frozen archway.
 25821 | IceCv    | Entered an ice cave
 25848 | IceCv    | Slain by a spriggan defender simulacrum

Illustrated notes

Levels and vault maps discovered:
D:1:      kennysheep_arrival_seaside, layout_loops_ring,
          shapermc_ecumenical_altar_mp_ritualfount, chequers_mini_garden
D:2:      layout_loops_ring, uniq_terence
D:3:      layout_basic, dk_noncrumbling_3
D:4:      layout_loops_ring, nicolae_overflow_hidden_temple,
          gup_sewer_entry_glass
D:5:      layout_basic, mainiacjoe_overflow_small_starburst
D:6:      layout_loops_ring, serial_shops, nicolae_shop_crystal,
          chequers_serial_rivers_micro_d, minmay_fractal_squares_diagonal_5,
          uniq_duvessa
D:7:      layout_rooms, trog_wizard, overflow_temple_1_default,
          lemuel_coloured_pillars_altar, nemelex_diamond_rough_becter,
          minmay_temple_entry_steel_oval, serial_corexii_hall,
          corexii_hall_statues_deadend, corexii_hall_statues_x,
          gup_ossuary_entry_pyramid
D:8:      layout_gridville, enter_bailey_3, minmay_statues_item, uniq_grum
D:9:      layout_irregular_city, mainiacjoe_overflow_alcove_2,
          hellmonk_ghost_big_iron, serial_demonic, serial_demonic_a,
          serial_demonic_e, serial_demonic_g, serial_demonic_d,
          serial_demonic_b, serial_demonic_b, serial_demonic_f,
          serial_demonic_a, serial_demonic_b, serial_demonic_c, uniq_harold
D:10:     layout_roguey, hiddenorc2_lemuel, serial_shops, shop, shop,
          nicolae_shop_stone, nicolae_shop_trees, minmay_misc_feat_columns,
          uniq_erica
D:11:     layout_roguey, erik_lair_orcish_takeover, serial_shops,
          nicolae_square_shop, ebering_ghost_reflecting_pool
D:12:     layout_basic, serial_shops, nicolae_shop_crystal,
          onia_ninara_dug_in_and_dangerous
D:13:     layout_rooms, enter_trove_2
D:14:     layout_cave_pools, skrybe_vaults_entry_preservation,
          portal_ice_cave_entry_pillars_three, minmay_misc_feat_chi,
          hangedman_decor_lopped
Lair:1:   minmay_guarded_unrand_snakebite, layout_long_grid,
          serial_bayou_shore_a
Lair:2:   layout_gridlike, elwin_shoals_entry_rooms, beast_lair_carwin_11,
          infiniplex_staircase_pool
Lair:3:   layout_loops_ring, dummy_snake_entry,
          eino_small_chamber_without_monster
Lair:4:   layout_loops_ring, basic_altar, st_stairs_8
Lair:5:   evilmike_catoblepas_cave, layout_regular_city, slime_entry_1,
          grunt_megastairs_5
Orc:1:    layout_diamond_mine, basic_altar, serial_shops,
          nicolae_shop_hallway_plus, guppyfry_library_mini
Orc:2:    st_orc_mages, layout_caves, serial_shops, nicolae_shop_hallway_stairs,
          nicolae_shop_crystal, nicolae_square_shop, shop,
          nicolae_shop_temple_entry_statues_fountains
IceCv:    ice_cave_small_demon

Skill      XL: |  1  2  3  4  5  6  7  8  9 10 11 12 13 14 15 |
---------------+----------------------------------------------+-----
Maces & Flails | 3 4 5 6 7 8 11 14 16 | 16.0
Throwing       | 2 4 |  4.0
Fighting       | 4 10 | 10.0
Invocations    | 4 10 | 10.0
Armour         | 6 10 | 10.0
Dodging        | 8 10 | 10.0
Axes           | 11 13 | 13.2

Action                   |  1- 3 |  4- 6 |  7- 9 | 10-12 | 13-15 || total
-------------------------+-------+-------+-------+-------+-------++-------
Melee: Mace              |    74 |   100 |   327 |       |       ||   501
       Kick              |    21 |    29 |   148 |   292 |   399 ||   889
       Peck              |     5 |    13 |    87 |   162 |   215 ||   482
       Punch             |       |     1 |     6 |       |       ||     7
       Morningstar       |       |       |   112 |   920 |   779 ||  1811
       Lochaber axe      |       |       |       |       |   166 ||   166
Throw: Dart              |       |     4 |     3 |    25 |     6 ||    38
Invok: Banish            |       |       |       |     6 |       ||     6
       Bend Space        |       |       |       |     1 |       ||     1
Evoke: Wand              |       |     1 |       |     1 |     7 ||     9
  Use: Scroll            |       |     6 |    12 |    17 |     4 ||    39
       Potion            |       |     1 |     5 |    10 |     2 ||    18
 Stab: Invisible         |       |       |     3 |       |       ||     3
       Petrified         |       |       |       |       |    10 ||    10
Armor: Leather armour    |     6 |       |       |       |       ||     6
       Chain mail        |    26 |    54 |   289 |   538 |   526 ||  1433
       Skin              |       |       |       |    35 |       ||    35
Dodge: Dodged            |    37 |    34 |   163 |   343 |   488 ||  1065
Block: Buckler           |       |       |    11 |   106 |    98 ||   215
